 Dungeon Crawl Stone Soup version 0.31-a0-1025-g2e47921a08 (webtiles) character file.

Game seed: 5533885418655075677

1277 Anon1729 the Trooper (level 8, -1/74 HPs)
             Began as a Minotaur Monk on Nov 17, 2023.
             Slain by a two-headed ogre
             ... wielding a +0 giant club
              (13 damage)
             ... on level 7 of the Dungeon.
             The game lasted 00:02:36 (6055 turns).

Anon1729 the Trooper (Minotaur Monk)                Turns: 6055, Time: 00:02:37

Health: -1/74      AC:  3    Str: 16    XL:     8   Next: 29%
Magic:  7/7        EV: 15    Int:  7    God:
Gold:   218        SH:  0    Dex: 15    Spells: 7/7 levels left

rFire   . . .        x - +3 falchion
rCold   . . .        d - orb {light}
rNeg    + . .        b - +0 robe
rPois   .            (helmet restricted)
rElec   .            f - +0 cloak
rCorr   .            (no gloves)
SInv    .            (no boots)
Will    +....        (no amulet)
Stlth   +            s - ring of positive energy
HPRegen 0.32/turn    (no ring)
MPRegen 0.10/turn

%: no passive effects
@: enlightened, flying, glowing
A: horns 2, retaliatory headbutt
a: no special abilities


You were on level 7 of the Dungeon.
You visited 1 branch of the dungeon, and saw 7 of its levels.

You collected 229 gold pieces.
You spent 11 gold pieces at shops.

Inventory:

Hand Weapons
 a - a +0 falchion
 x - a +3 falchion (weapon)
Armour
 b - a +0 robe (worn)
 d - an orb of light (worn)
 f - a +0 cloak (worn)
 v - a +0 pair of gloves
Jewellery
 s - a ring of positive energy (left hand)
Wands
 m - a wand of roots (5)
 z - a wand of mindburst (10)
Scrolls
 c - 2 scrolls of fog {unknown}
 e - a scroll of amnesia {unknown}
 g - a scroll of torment {unknown}
 h - 3 scrolls of teleportation {unknown}
 j - 2 scrolls of brand weapon {unknown}
 l - 2 scrolls of fear {unknown}
 t - a scroll of noise {unknown}
 u - a scroll of identify {unknown}
 y - a scroll of summoning {unknown}
 A - a scroll of blinking {unknown}
Potions
 i - a potion of enlightenment
 k - a potion of magic {unknown}
 n - a potion of haste {unknown}
 o - a potion of might {unknown}
 p - 3 potions of curing
 q - 2 potions of berserk rage {unknown}
 r - 2 potions of heal wounds {unknown}
 w - 2 potions of brilliance {unknown}


   Skills:
 + Level 7.9 Fighting
 + Level 7.8 Long Blades
 + Level 7.1 Dodging


You had 7 spell levels left.
You didn't know any spells.
Your spell library contained the following spells:

 Spells                   Type           Power      Damage    Failure   Level
 Cigotuvi's Dreadful Rot  Necr/Pois/Air  0%         N/A       56%         2
 Poisonous Vapours        Pois/Air       0%         N/A       56%         2
 Scorch                   Fire           0%         2d5       56%         2
 Gell's Gravitas          Tloc           0%         N/A       80%         3
 Ignite Poison            Fire/Tmut/Pois 0%         N/A       80%         3
 Mephitic Cloud           Conj/Pois/Air  0%         N/A       80%         3
 Teleport Other           Tloc           0%         N/A       80%         3
 Flame Wave               Conj/Fire      0%         2d4       99%         4
 Summon Ice Beast         Ice/Summ       0%         N/A       99%         4
 Freezing Cloud           Conj/Ice/Air   0%         6-21      100%        5
 Summon Mana Viper        Hex/Summ       0%         N/A       100%        5
 Dispersal                Tloc           0%         N/A       100%        6
 Summon Cactus Giant      Summ           0%         N/A       100%        6
 Monstrous Menagerie      Summ           0%         N/A       100%        7


Dungeon Overview and Level Annotations

Branches:
Dungeon (7/15)             Temple (0/1) D:5

Altars:
Okawaru
Sif Muna

Shops:
D:3 *


Innate Abilities, Weirdness & Mutations

You have a pair of horns on your head.
You reflexively headbutt those who attack you in melee.


Message History

The water moccasin hisses angrily.
The orc shouts!
An ice beast comes into view.
The two-headed ogre hits you with a +0 giant club!!
The two-headed ogre hits you with a +0 giant spiked club!!
An orc comes into view. It is wielding a +0 flail.
You are too injured to fight recklessly!
You are too injured to fight recklessly!
You are too injured to fight recklessly!
You are too injured to fight recklessly!
You are too injured to fight recklessly!
You are too injured to fight recklessly!
You are too injured to fight recklessly!
You are too injured to fight recklessly!
You are too injured to fight recklessly!
You are too injured to fight recklessly!
You are too injured to fight recklessly!
You are too injured to fight recklessly!
You are too injured to fight recklessly!
You are too injured to fight recklessly!
You are too injured to fight recklessly!
You are too injured to fight recklessly!
You are too injured to fight recklessly!
You are too injured to fight recklessly!
You are too injured to fight recklessly!
The two-headed ogre completely misses you.
The two-headed ogre hits you with a +0 giant spiked club!
You slash the two-headed ogre!
The two-headed ogre is lightly wounded.
You hit the two-headed ogre but do no damage.
The two-headed ogre is lightly wounded.
The two-headed ogre closely misses you. You furiously retaliate!
You headbutt the two-headed ogre.
The two-headed ogre hits you with a +0 giant spiked club!!
* * * LOW HITPOINT WARNING * * *
It was a potion of enlightenment.
You feel very buoyant.
You fly up into the air.
It was a potion of curing.
You feel better.
The two-headed ogre hits you with a +0 giant club!
You die...

##############
#........)....
#.############
#.# ######.#
#.@....#
#.###O######
#...YS#
#..!.o.#
#......#
#......#
#......#
#>......
####....


You could see a two-headed ogre, a water moccasin, an ice beast and an orc.

Vanquished Creatures
  Sigmund (D:6)
  4 ice beasts
  A scorpion (D:5)
  3 wights (D:6)
  A howler monkey (D:6)
  3 orc priests
  5 hounds
  A sleepcap (D:6)
  An iguana (D:6)
  3 orc wizards
  5 adders
  2 white imps (D:5)
  A worm (D:4)
  5 dart slugs
  7 orcs
  3 endoplasms
  A giant cockroach (D:3)
  8 goblins
  7 hobgoblins
  6 jackals
  8 kobolds
  10 ball pythons
  A bat (D:3)
  3 frilled lizards (D:2)
  3 rats (D:3)
93 creatures vanquished.

Notes
Turn   | Place    | Note
-------+----------+-------------------------------------------
     0 | D:1      | Anon1729 the Minotaur Monk began the quest for the Orb.
     0 | D:1      | Reached XP level 1. HP: 19/19 MP: 0/0
   267 | D:1      | Reached XP level 2. HP: 26/27 MP: 1/1
  1012 | D:2      | Reached XP level 3. HP: 31/33 MP: 2/2
  1602 | D:3      | Found a faded altar of an unknown god.
  1743 | D:3      | Reached XP level 4. HP: 33/41 MP: 3/3
  1832 | D:3      | Found Fowkyos's General Store.
  1842 | D:3      | Bought a potion of degeneration for 11 gold pieces
  2211 | D:4      | Identified the of Zoipi
  2319 | D:4      | Reached skill level 5 in Fighting
  2319 | D:4      | Reached XP level 5. HP: 45/48 MP: 4/4
  2456 | D:4      | Found an iron altar of Okawaru.
  2482 | D:4      | Reached skill level 5 in Long Blades
  3032 | D:4      | Found a shimmering blue altar of Sif Muna.
  3436 | D:5      | Entered Level 5 of the Dungeon
  3526 | D:5      | Reached skill level 5 in Dodging
  3651 | D:5      | Reached XP level 6. HP: 52/56 MP: 5/5
  3683 | D:5      | Noticed an ice beast
  3694 | D:5      | Killed an ice beast
  3840 | D:5      | Noticed an ice beast
  3847 | D:5      | Killed an ice beast
  3950 | D:5      | Noticed a rust devil
  3968 | D:5      | Noticed an ice beast
  3976 | D:5      | Killed an ice beast
  3977 | D:5      | Reached XP level 7. HP: 64/64 MP: 6/6
  4054 | D:5      | Found a staircase to the Ecumenical Temple.
  4090 | D:5      | Noticed an angel
  4517 | D:6      | Noticed Sigmund
  4526 | D:6      | Killed Sigmund
  4819 | D:6      | Reached XP level 8. HP: 73/73 MP: 7/7
  6046 | D:7      | Noticed a two-headed ogre
  6053 | D:7      | HP: 3/74 [two-headed ogre/+0 giant club (21)]
  6055 | D:7      | Slain by a two-headed ogre

Illustrated notes

Levels and vault maps discovered:
D:1:      minmay_arrival_four_loops, layout_basic
D:2:      layout_basic
D:3:      layout_rooms, nicolae_overflow_hidden_temple, serial_shops, shop,
          hellmonk_ecumenical_altar_heavens_door, minmay_liquid_box,
          minmay_randomly_rotated_circles
D:4:      nicolae_BIG_FREAKIN_CUBE, layout_layer_cave, led_sif_book,
          lemuel_tele_altar
D:5:      layout_basic, temple_garden
D:6:      layout_layer_cave, nicolae_elevator_lobby_plus, uniq_sigmund
D:7:      layout_basic, nicolae_water_bricks

Skill      XL: |  1  2  3  4  5  6  7  8 |
---------------+-------------------------+-----
Fighting       | 4 5 6 7 |  7.9
Long Blades    | 4 5 6 7 |  7.8
Dodging        | 4 5 6 7 |  7.1

Action                     |  1- 3 |  4- 6 |  7- 9 || total
---------------------------+-------+-------+-------++-------
  Melee: Falchion          |    74 |    79 |    72 ||   225
         Headbutt          |     8 |    20 |    17 ||    45
    Use: Potion            |       |     1 |     2 ||     3
 Armour: Robe              |    37 |    43 |    39 ||   119
  Dodge: Dodged            |    53 |    49 |    42 ||   144

Table legend: (Time is in decaauts)
 A = Elapsed time spent in this place.
 B = Non-inter-level travel time spent in this place.
 C = Inter-level travel time spent in this place.
 D = Time resting spent in this place.
 E = Time spent auto-exploring this place.
 F = Levels seen in this place.
 G = Mean time per level.
                   A        B        C        D        E       F      G
               +--------+--------+--------+--------+--------+-----+--------+
         Total |   6059 |   5921 |    138 |    217 |   5049 |   7 |  865.6 |
       Dungeon |   6059 |   5921 |    138 |    217 |   5049 |   7 |  865.6 |
               +--------+--------+--------+--------+--------+-----+--------+

Top non-repeatable levels by time:
     D:6: 1497 daAuts
     D:4: 1225 daAuts
     D:5: 935 daAuts
     D:3: 809 daAuts
     D:1: 791 daAuts
     D:2: 618 daAuts
     D:7: 182 daAuts
